Map: Whirlwind LE (Void)

Players

Deep

  • Race: Protoss Protoss
  • Spawn Location: 1:00

Musumeci - Winner!

  • Race: Zerg Zerg
  • League: Diamond
  • Spawn Location: 11:00

VOD

Have the link to the VOD?

Description

Time

  • Played on: Jan. 17, 2017, 3:04 p.m.
  • Length: 22:09
Show
View Real Time Build Order
Export as new Build Order

Deep Protoss 

Build Orders: Double Forge 

Get SALT Encoding   

  12  0:01  Probe (Chrono Boost)  
  13  0:11  Probe (Chrono Boost)  
  14  0:20  Pylon  
  14  0:22  Probe (Chrono Boost)  
  15  0:39  Probe (Chrono Boost)  
  16  0:49  Probe (Chrono Boost)  
  17  1:00  Probe (Chrono Boost)  
  18  1:09  Forge  
  18  1:10  Probe (Chrono Boost)  
  19  1:14  Nexus  
  19  1:21  Probe (Chrono Boost)  
  20  1:30  Gateway  
  20  1:32  Probe (Chrono Boost)  
  21  1:39  Assimilator  
  21  1:43  Assimilator  
  21  1:46  Pylon  
  21  2:06  Probe (Chrono Boost)  
  22  2:16  Probe (Chrono Boost)  
  22  2:17  Zealot  
  22  2:19  Cybernetics Core  
  25  2:27  Probe x2 (Chrono Boost)  
  27  2:37  Probe (Chrono Boost)  
  27  2:38  Probe (Chrono Boost)  
  29  2:48  Probe x2 (Chrono Boost)  
  31  2:53  Warp Gate  
  31  2:56  Pylon  
  32  2:59  Probe (Chrono Boost)  
  32  3:00  Mothership Core (Chrono Boost)  
  34  3:08  Gateway  
  34  3:12  Pylon  
  34  3:19  Probe (Chrono Boost)  
  35  3:20  Probe (Chrono Boost)  
  35  3:27  Adept  
  38  3:29  Probe (Chrono Boost)  
  38  3:30  Probe (Chrono Boost)  
  38  3:31  Twilight Council  
  40  3:34  Gateway  
  40  3:46  Probe x2 (Chrono Boost)  
  42  4:01  Robotics Facility  
  42  4:03  Charge  
  43  4:10  Probe (Chrono Boost)  
  43  4:11  Gateway  
  37  4:19  Probe (Chrono Boost)  
  36  4:31  Probe (Chrono Boost)  
  36  4:36  Pylon  
  36  4:41  Probe (Chrono Boost)  
  36  4:42  Probe (Chrono Boost)  
  38  4:48  Warp Prism  
  38  4:50  Protoss Ground Weapons Level 1  
  38  4:51  Forge  
  40  4:54  Probe x2 (Chrono Boost)  
  42  5:04  Probe (Chrono Boost)  
  43  5:09  Probe (Chrono Boost)  
  44  5:15  Probe (Chrono Boost)  
  44  5:16  Protoss Ground Armor Level 1  
  44  5:17  Zealot x3  
  51  5:22  Zealot  
  53  5:35  Probe (Chrono Boost)  
  54  5:39  Adept x3  
  60  5:49  Probe x2 (Chrono Boost)  
  62  6:01  Probe (Chrono Boost)  
  62  6:03  Zealot x2  
  67  6:04  Zealot  
  65  6:21  Immortal  
  65  6:24  Assimilator  
  65  6:27  Pylon  
  65  6:29  Assimilator  
  65  6:30  Probe (Chrono Boost)  
  65  6:32  Probe (Chrono Boost)  
  65  6:42  Probe (Chrono Boost)  
  65  6:44  Probe (Chrono Boost)  
  65  6:56  Pylon, Immortal  
  65  7:01  Pylon, Probe x2 (Chrono Boost)  
  67  7:13  Probe (Chrono Boost)  
  69  7:17  Probe (Chrono Boost)  
  69  7:24  Pylon  
  69  7:25  Probe (Chrono Boost)  
  69  7:27  Pylon  
  69  7:29  Pylon  
  70  7:30  Warp Prism  
  70  7:34  Probe (Chrono Boost)  
  73  7:46  Templar Archives  
  73  7:51  Protoss Ground Armor Level 2  
  73  8:03  Observer  
  73  8:04  Probe (Chrono Boost)  
  73  8:05  Probe (Chrono Boost)  
  75  8:07  Gateway  
  76  8:15  Gateway  
  76  8:18  Probe (Chrono Boost)  
  76  8:19  Probe (Chrono Boost)  
  78  8:26  Nexus  
  82  8:33  Probe (Chrono Boost)  
  83  8:45  Probe (Chrono Boost)  
  83  8:47  Immortal  
  84  8:48  Pylon  
  84  9:02  Pylon  
  84  9:03  Pylon  
  84  9:07  Pylon  
  84  9:18  Pylon  
  84  9:20  Pylon  
  84  9:21  Warp Prism  
  84  9:26  Zealot  
  84  9:27  Zealot x4  
  96  9:43  Pylon  
  96  9:45  Pylon  
  96  9:47  Pylon  
  96  9:48  Stalker x3  
  96  9:49  Stalker  
  96  9:52  Immortal  
  108  10:06  Zealot x2  
  112  10:21  Nexus  
  112  10:22  Stalker x2  
  112  10:23  Stalker x2  
  114  10:38  Stalker x2  
  114  10:40  Blink  
  112  10:50  Stalker x4  
  112  10:54  Photon Cannon  
  112  10:56  Photon Cannon  
  120  11:00  Pylon  
  119  11:18  Zealot x4  
  120  11:32  Probe (Chrono Boost)  
  104  11:41  Stalker x2  
  108  11:48  Probe (Chrono Boost)  
  109  12:04  High Templar x2  
  109  12:08  Archon  
  113  12:10  High Templar x2  
  113  12:14  Archon  
  117  12:17  High Templar  
  117  12:18  High Templar  
  109  12:39  Zealot x2  
  113  12:55  Probe (Chrono Boost)  
  113  12:57  Probe (Chrono Boost)  
  115  13:06  Probe (Chrono Boost)  
  115  13:09  Probe (Chrono Boost)  
  115  13:10  Archon  
  117  13:14  High Templar  
  117  13:15  High Templar x4  
  117  13:16  Probe (Chrono Boost)  
  128  13:21  Archon x2  
  120  14:01  Probe (Chrono Boost)  
  119  14:03  Probe (Chrono Boost)  
  119  14:04  Zealot  
  119  14:05  Zealot x5  
  131  14:12  Probe (Chrono Boost)  
  131  14:15  Probe (Chrono Boost)  
  131  14:16  Assimilator x2  
  133  14:18  Protoss Ground Weapons Level 2  
  133  14:28  Observer  
  133  14:29  Mothership Core (Chrono Boost)  
  98  14:59  Zealot x5  
  78  15:00  Zealot  
  68  15:11  Probe (Chrono Boost)  
  68  15:13  Probe (Chrono Boost)  
  62  15:34  Probe (Chrono Boost)  
  54  15:35  Probe (Chrono Boost)  
  54  15:36  Immortal  
  54  15:39  Stalker x3  
  54  15:40  Stalker x3  
  64  15:43  Robotics Facility  
  64  16:13  Zealot x4  
  64  16:16  Immortal  
  72  16:23  Zealot x2  
  80  16:28  Gateway  
  80  16:30  Gateway  
  80  16:32  Immortal  
  84  16:43  Stalker x2  
  66  17:06  Zealot x4  
  66  17:07  Zealot x2  
  62  17:24  Probe (Chrono Boost)  
  62  17:27  Zealot x2  
  62  17:28  Zealot x2  
  63  17:38  High Templar  
  63  17:39  High Templar x2  
  63  17:43  Archon  
  69  17:48  High Templar  
  69  17:49  High Templar x3  
  77  17:55  Archon x2  
  69  18:01  Pylon  
  58  18:23  Nexus  
  58  18:27  High Templar x2  
  62  18:36  Archon  
  62  18:38  Stalker  
  64  18:45  Observer  
  65  18:52  Stalker  
  65  18:54  Stalker  
  69  19:08  Stalker  
  71  19:11  Stalker  
  73  19:36  Stalker x3  
  79  19:50  Stalker x2  
  83  20:06  Stalker x3  
  83  20:07  Stalker  
  87  20:22  Stalker x2  
  91  20:37  Stalker  
  91  20:40  Assimilator x2  
  85  20:54  Pylon  
  78  21:15  Stalker x3  
  84  21:23  Probe (Chrono Boost)  
  81  21:45  Stalker  
Show
View Real Time Build Order
Export as new Build Order

Musumeci Zerg - Winner!

Build Orders: Hatch First 

Get SALT Encoding   

  12  0:01  Drone  
  13  0:12  Drone  
  14  0:15  Extractor  
  14  0:16  Drone  
  15  0:41  Hatchery  
  14  0:48  Extractor  
  14  0:49  Drone  
  15  1:13  Spawning Pool  
  15  1:15  Drone, Extractor  
  14  1:27  Overlord  
  14  1:46  Drone x3  
  17  1:53  Drone  
  18  2:00  Queen  
  18  2:01  Queen  
  20  2:05  Drone  
  23  2:10  Drone  
  23  2:12  Drone  
  25  2:19  Overlord  
  25  2:26  Metabolic Boost  
  25  2:33  Drone  
  25  2:35  Drone, Zergling x2  
  28  2:43  Zergling x4  
  30  2:47  Drone  
  31  2:59  Zergling x4  
  31  3:04  Evolution Chamber  
  32  3:31  Hatchery  
  30  4:12  Drone x3  
  30  4:13  Drone x3  
  33  4:40  Drone  
  33  4:41  Drone x2  
  36  4:45  Extractor  
  36  4:46  Queen  
  36  4:47  Drone x5  
  36  4:51  Lair, Extractor  
  41  4:55  Extractor  
  41  4:58  Roach Warren  
  39  5:00  Zergling x6  
  42  5:23  Overlord  
  42  5:25  Overlord  
  42  5:34  Overlord x2  
  42  5:44  Roach x5  
  42  5:45  Overlord x2  
  42  5:46  Overlord  
  38  6:16  Drone x13  
  42  6:30  Roach x5  
  40  6:57  Glial Reconstitution  
  39  7:03  Drone x9  
  39  7:04  Drone  
  48  7:11  Drone  
  48  7:12  Queen x2  
  53  7:39  Roach x3  
  53  7:40  Roach x7  
  53  7:43  Extractor  
  53  7:44  Extractor  
  71  7:54  Drone x5  
  76  8:06  Drone x4  
  76  8:09  Drone x2  
  76  8:11  Zerg Missile Weapons Level 1  
  83  8:20  Drone x3  
  83  8:26  Spire  
  67  9:12  Roach x2  
  67  9:13  Roach  
  71  9:20  Drone  
  71  9:21  Drone x4  
  71  9:22  Overlord  
  71  9:23  Overlord x2  
  76  9:36  Zergling x2  
  76  9:37  Zergling x6  
  80  9:49  Mutalisk x10  
  100  9:54  Mutalisk x2  
  100  9:58  Mutalisk x4  
  106  10:41  Mutalisk x6  
  106  10:42  Mutalisk  
  114  11:08  Queen  
  74  11:48  Roach x18  
  110  12:00  Zerg Missile Weapons Level 2  
  108  12:09  Ravager x5  
  108  12:10  Ravager  
  108  12:14  Overlord  
  108  12:15  Overlord x3  
  111  12:24  Hatchery, Extractor  
  111  12:27  Extractor  
  98  12:30  Zergling x16  
  87  12:51  Roach x6  
  97  13:01  Roach  
  97  13:02  Roach x3  
  99  13:15  Ravager  
  99  13:19  Ravager x5  
  105  13:24  Mutalisk  
  105  13:25  Mutalisk x4  
  115  13:27  Overlord  
  115  13:51  Roach x7  
  115  14:04  Ravager  
  115  14:05  Ravager x3  
  113  14:11  Zergling x6  
  113  14:12  Zergling x2  
  117  14:18  Ravager x6  
  100  14:56  Roach  
  100  14:57  Roach x11  
  89  15:13  Roach x3  
  63  15:34  Roach x6  
  72  15:42  Ravager x8  
  80  15:43  Drone x3  
  83  15:55  Drone  
  84  16:00  Drone x2  
  86  16:10  Roach x3  
  90  16:22  Roach  
  90  16:23  Roach x2  
  95  16:37  Ravager x5  
  95  16:38  Ravager x2  
  95  16:47  Hatchery  
  86  16:56  Roach  
  86  16:57  Roach x7  
  79  17:17  Overseer  
  79  17:19  Overseer  
  64  17:44  Drone x4  
  64  17:45  Drone x2  
  56  18:09  Extractor  
  56  18:12  Extractor  
  47  18:18  Mutalisk  
  47  18:19  Mutalisk x9  
  64  18:36  Mutalisk x3  
  64  18:40  Overseer  
  70  18:43  Drone  
  70  18:44  Drone x2  
  74  18:48  Drone  
  74  19:03  Roach x3  
  80  19:19  Roach x5  
  88  20:05  Roach x8  
  104  20:26  Infestation Pit  
  103  20:49  Ravager x4  
  101  20:50  Overlord x2  
  101  20:51  Overlord x3  
  99  21:17  Roach x8  
  113  21:19  Ravager x7  
  113  21:20  Zergling x22  
  113  21:21  Zergling x24  
  143  21:38  Overlord  
  143  21:39  Overlord x4  
  143  21:42  Ravager  
  141  22:03  Ravager x5  
  141  22:04  Ravager x4  
Tags
 
Add a new tag
Caveats
  • Supply blocks, unpowered buildings, or Contaminate may cause inaccurate times.
  • Supply counts are checked every 10 seconds.